 Dungeon Crawl Stone Soup version 0.19-a0-944-gb338e1e (webtiles) character file.

28 Kold the Slasher (level 3, 16/29 HPs)
             Began as a Demonspawn Berserker on July 10, 2016.
             Was a Believer of Trog.
             Quit the game on level 1 of the Dungeon.
             The game lasted 00:01:38 (692 turns).

Kold the Slasher (Demonspawn Berserker)              Turns: 692, Time: 00:01:38

Health: 16/29      AC:  6    Str: 17    XL:     3   Next: 0%
Magic:  3/3        EV: 12    Int:  8    God:    Trog [**....]
Gold:   60         SH:  0    Dex: 12    Spells: 0 memorised, 2 levels left

rFire  . . .     SeeInvis .     a - +0 falchion
rCold  . . .     Gourm    .     b - +0 animal skin
rNeg   . . .     Faith    .     (no shield)
rPois  .         Spirit   .     (no helmet)
rElec  .         Dismiss  .     (no cloak)
rCorr  .         Reflect  .     (no gloves)
SustAt .         Harm     .     (no boots)
MR     .....                    (no amulet)
Stlth  +.........               (no ring)
                                (no ring)

@: lethally poisoned (16 -> 0), not resistant to hostile enchantments, very
unstealthy
A: claws 1, rough black scales 1
a: Berserk, Trog's Hand, Burn Spellbooks, Renounce Religion


You were on level 1 of the Dungeon.
You worshipped Trog.
Trog was pleased with you.
You were not hungry.

You visited 1 branch of the dungeon, and saw 1 of its levels.

You collected 60 gold pieces.

Inventory:

Hand Weapons
 a - a +0 falchion (weapon)
Armour
 b - a +0 animal skin (worn)
Scrolls
 f - a scroll of noise {unknown}
Potions
 e - a potion of heal wounds {unknown}
Comestibles
 c - a bread ration


   Skills:
 - Level 3.0 Fighting
 + Level 3.7 Long Blades
 - Level 1.8 Armour
 - Level 1.7 Dodging


You had 2 spell levels left.
You didn't know any spells.

Dungeon Overview and Level Annotations

Branches:
Dungeon (1/15)

Altars:


Innate Abilities, Weirdness & Mutations

You have sharp fingernails.
You are partially covered in rough black scales. (AC +4, Dex -1)


Message History

You are poisoned.
A bat comes into view.
You hit the goblin.
The goblin is moderately wounded.
You feel sick.
The goblin hits you with a dagger of venom.
You closely miss the goblin.
The goblin is moderately wounded.
You feel sick. The bat hits you.
The goblin hits you with a dagger of venom.
You are lethally poisoned!
You hit the goblin.
The goblin is heavily wounded.
You feel sick. The bat hits you but does no damage.
The goblin barely misses you.
You riposte.
You closely miss the goblin.
The goblin is heavily wounded.
You closely miss the goblin.
The goblin is heavily wounded.
You feel sick. The goblin closely misses you.
Are you sure you want to abandon this character and quit the game? (Confirm with "yes".)

.#≈....♣♣♣.≈#.#....# #.#
.#≈.....♣..≈#.#....#
.#≈≈≈♣≈♣≈≈≈≈#......#
.#####.##########+##
...#..............##
.......#######.....#
.÷.....# #...#
..÷....### #g..#####
>.÷......# # #@b......
.........#####.#........
.##......+.......######.
..#......#####.......#
#.#......# #.#####.#
..#......### ## #.#
....##.....# #.#
###.##.#.#.#########.#
#...##.#.............#


You could see a goblin and a bat.

Vanquished Creatures
  2 dart slugs (D:1)
  2 giant cockroaches (D:1)
  A goblin (D:1)
  3 hobgoblins (D:1)
  4 jackals (D:1)
  2 bats (D:1)
  A giant newt (D:1)
  4 kobolds (D:1)
  4 rats (D:1)
23 creatures vanquished.

Vanquished Creatures (others)
  5 toadstools (D:1)
5 creatures vanquished.

Grand Total: 28 creatures vanquished

Notes
Turn   | Place    | Note
-------+----------+-------------------------------------------
     0 | D:1      | Kold the Demonspawn Berserker began the quest for the Orb.
     0 | D:1      | Reached XP level 1. HP: 18/18 MP: 1/1
   158 | D:1      | Gained mutation: You have sharp fingernails. [demonic ancestry]
   158 | D:1      | Reached XP level 2. HP: 24/24 MP: 2/2
   369 | D:1      | Reached ** piety under Trog
   593 | D:1      | Gained mutation: You are partially covered in rough black scales. (AC +4, Dex -1) [demonic ancestry]
   593 | D:1      | Reached XP level 3. HP: 29/29 MP: 3/3
   692 | D:1      | Quit the game

Vault maps used:
D:1:      ldierk_walled_garden, hangedman_decor_points

Skill      XL: |  1 |
---------------+----+-----
Long Blades    | 3 |  3.7
Fighting       | |  3.0
Armour         | |  1.8
Dodging        | |  1.7

Action                   || total
-------------------------++-------
Melee: Falchion          ||    75
 Stab: Sleeping          ||     3
Armor: Animal skin       ||    10
Dodge: Dodged            ||    44
